Map: Waterfall

Players

Kaynen - Winner!

  • Race: Zerg Zerg
  • League: Bronze
  • Spawn Location: 7:00

BuckNasty

  • Race: Terran Terran
  • League: Platinum
  • Spawn Location: 1:00

VOD

https://www.twitch.tv/kaynen_skyesthelimit

Description

Testing my Twitch channel set up.
glgl

Time

  • Played on: Sept. 5, 2022, 7:25 p.m.
  • Length: 17:07
Show
View Real Time Build Order
Export as new Build Order

Kaynen Zerg - Winner!

Build Orders: Hatch First, Lurkers 

Get SALT Encoding   

  12  0:00  Drone  
  13  0:11  Drone  
  14  0:17  Overlord  
  14  0:42  Hatchery  
  14  0:45  Drone  
  15  0:50  Drone  
  15  0:54  Drone  
  16  0:58  Drone  
  17  1:14  Spawning Pool  
  17  1:17  Drone  
  17  1:20  Drone  
  18  1:26  Extractor  
  17  1:44  Drone x2  
  19  1:51  Overlord  
  19  2:00  Queen  
  19  2:01  Queen  
  21  2:03  Zergling x4  
  25  2:09  Drone  
  25  2:11  Drone  
  27  2:20  Drone  
  28  2:25  Drone  
  28  2:29  Metabolic Boost  
  29  2:32  Drone  
  30  2:38  Drone x2  
  32  2:46  Drone  
  33  3:00  Hatchery  
  33  3:02  Overlord  
  33  3:03  Overlord  
  32  3:07  Drone x2  
  34  3:13  Drone x2  
  34  3:18  Baneling Nest  
  35  3:23  Drone x3  
  35  3:25  Drone  
  39  3:27  Drone  
  39  3:29  Drone  
  41  3:42  Drone x3  
  41  3:44  Lair  
  44  4:01  Overlord x3  
  43  4:09  Zergling x10  
  48  4:16  Drone x2  
  50  4:21  Extractor  
  50  4:23  Drone x4, Evolution Chamber  
  52  4:26  Extractor  
  52  4:28  Drone  
  52  4:32  Drone  
  53  4:40  Baneling  
  53  4:41  Baneling x6  
  53  4:46  Drone x7  
  53  4:47  Drone  
  53  4:48  Queen  
  53  4:52  Queen  
  65  4:57  Spore Crawler  
  64  5:01  Spore Crawler  
  64  5:03  Drone x5  
  64  5:04  Spore Crawler  
  64  5:05  Spore Crawler  
  66  5:10  Spore Crawler  
  65  5:14  Baneling x6  
  65  5:15  Spore Crawler  
  65  5:16  Overseer  
  64  5:26  Zergling x16  
  72  5:43  Zerg Melee Weapons Level 1  
  72  5:48  Hydralisk Den  
  72  5:49  Centrifugal Hooks  
  71  5:51  Drone x10  
  81  5:57  Extractor  
  81  5:58  Extractor, Queen  
  81  6:20  Overlord x6  
  81  6:29  Hatchery  
  80  6:40  Hydralisk  
  80  6:41  Hydralisk x7  
  94  6:53  Queen  
  96  6:57  Muscular Augments  
  96  7:03  Hydralisk  
  96  7:04  Hydralisk  
  96  7:08  Drone x6  
  106  7:18  Spore Crawler  
  105  7:30  Spore Crawler  
  105  7:32  Lurker Den  
  105  7:35  Spore Crawler  
  105  7:36  Drone x6  
  108  7:39  Extractor  
  108  7:43  Infestation Pit  
  106  7:54  Drone x14  
  115  8:01  Zergling x6  
  111  8:09  Hydralisk x7  
  115  8:22  Zergling x2  
  115  8:23  Zergling x18  
  125  8:29  Pneumatized Carapace  
  125  8:31  Hydralisk  
  125  8:32  Hydralisk x3  
  133  8:39  Zergling x2  
  133  8:40  Zergling x6  
  131  8:45  Lurker x2  
  131  8:46  Lurker  
  129  9:06  Zerg Missile Weapons Level 1  
  129  9:12  Spire  
  129  9:16  Extractor  
  127  9:21  Hatchery, Lurker x2  
  128  9:31  Zergling x14  
  129  9:33  Overlord x2  
  129  9:34  Overlord x5  
  129  9:36  Hatchery  
  134  9:40  Overseer x2  
  134  9:51  Queen  
  136  10:13  Extractor  
  135  10:17  Hydralisk  
  135  10:18  Hydralisk x13  
  135  10:20  Zergling x8  
  167  10:29  Baneling  
  167  10:30  Baneling x7  
  158  10:42  Zergling x2  
  150  10:43  Zergling x22  
  150  10:49  Hydralisk  
  155  10:50  Hydralisk x5  
  155  10:53  Zergling x4  
  154  11:02  Zerg Melee Weapons Level 2  
  142  11:06  Hive  
  136  11:12  Hydralisk x2  
  128  11:35  Lurker x3  
  131  11:41  Baneling x6  
  131  11:53  Drone x5  
  136  11:55  Queen  
  138  12:05  Spore Crawler  
  138  12:07  Spine Crawler  
  136  12:10  Spine Crawler, Extractor  
  136  12:11  Extractor  
  116  12:40  Zergling x2  
  116  12:41  Zergling x54  
  116  12:42  Zergling x22  
  132  13:01  Baneling  
  132  13:02  Baneling x17  
  132  13:03  Viper x4  
  141  13:18  Grooved Spines  
  141  13:19  Seismic Spines  
  141  13:33  Baneling x6  
  141  13:34  Baneling x4  
  141  13:43  Greater Spire  
  141  13:57  Evolution Chamber  
  141  13:59  Evolution Chamber  
  139  14:05  Zergling x2  
  139  14:06  Zergling x10, Hydralisk x10  
  165  14:15  Corruptor x2  
  165  14:16  Adaptive Talons  
  169  14:18  Overlord x3  
  169  14:50  Corruptor x6  
  180  14:54  Queen  
  182  15:13  Brood Lord x2, Corruptor x2  
  188  15:55  Brood Lord x2  
  188  15:56  Corruptor  
  191  15:58  Zergling x2  
  191  15:59  Zergling x14  
  179  16:32  Zergling x30  
  176  16:33  Zergling x32  
Show
View Real Time Build Order
Export as new Build Order

BuckNasty Terran 

Build Orders:  

Get SALT Encoding   

  12  0:00  SCV  
  13  0:12  SCV  
  14  0:17  Supply Depot  
  14  0:24  SCV  
  15  0:39  SCV  
  15  0:41  Barracks  
  16  0:47  Refinery  
  16  0:51  SCV  
  17  1:03  SCV  
  18  1:15  SCV  
  19  1:28  Marine  
  19  1:29  Orbital Command  
  20  1:43  Command Center  
  20  1:46  Marine  
  21  1:55  Supply Depot  
  21  1:59  SCV  
  22  2:10  Factory  
  22  2:12  SCV  
  23  2:16  Marine  
  24  2:33  SCV  
  24  2:34  Marine  
  25  2:46  SCV, Refinery  
  26  2:53  Marine  
  26  2:54  Hellion  
  26  2:56  Orbital Command, Starport  
  26  2:58  SCV  
  30  3:09  Refinery  
  30  3:10  SCV  
  30  3:12  Marine  
  32  3:16  Factory Tech Lab  
  32  3:22  SCV  
  32  3:23  SCV  
  34  3:32  Marine  
  35  3:34  SCV  
  35  3:37  Fusion Core  
  36  3:45  SCV  
  36  3:46  SCV  
  36  3:47  Supply Depot  
  38  3:50  Siege Tank, Marine  
  42  3:57  Starport Tech Lab, SCV  
  43  4:08  SCV  
  43  4:09  Marine  
  45  4:16  Supply Depot  
  45  4:23  SCV x2  
  47  4:26  Battlecruiser  
  47  4:28  Marine  
  54  4:37  SCV x2  
  56  4:42  Barracks  
  56  4:46  Barracks  
  56  4:48  Supply Depot  
  56  4:51  SCV x2  
  58  4:52  Marine  
  62  5:00  Siege Tank  
  62  5:09  SCV  
  62  5:10  Supply Depot, SCV  
  62  5:12  Supply Depot  
  62  5:13  Marine  
  65  5:22  SCV x2  
  67  5:31  Barracks Reactor  
  67  5:33  Barracks Reactor  
  67  5:34  SCV x2, Barracks Tech Lab  
  69  5:37  Battlecruiser  
  75  5:47  Supply Depot, SCV x2  
  75  5:48  Refinery  
  77  5:52  Stimpack  
  77  5:56  Marine  
  78  5:59  SCV x2  
  80  6:09  Marine x2  
  80  6:10  Marine x2  
  84  6:11  SCV x2  
  84  6:14  Marine  
  84  6:17  Command Center  
  87  6:19  Siege Tank  
  90  6:25  Supply Depot  
  90  6:27  Marine x2  
  92  6:43  Marine x2  
  92  6:45  Marine  
  89  6:53  Factory  
  89  6:55  Engineering Bay  
  89  6:58  Marine x2  
  89  6:59  Supply Depot, Siege Tank  
  89  7:01  Marine  
  95  7:10  Supply Depot, SCV x2  
  95  7:14  Starport Reactor  
  98  7:22  SCV  
  98  7:23  SCV, Engineering Bay  
  98  7:24  Marine  
  98  7:25  Marine x4  
  104  7:32  Siege Tank  
  104  7:35  SCV x3  
  110  7:39  Supply Depot  
  110  7:40  Siege Tank  
  113  7:47  Supply Depot, SCV x2  
  115  7:52  Marine x5  
  115  7:54  Medivac  
  115  7:55  SCV  
  106  8:10  Marine x2  
  106  8:12  Marine x3  
  96  8:15  Siege Tank x2  
  96  8:16  Orbital Command  
  94  8:22  Medivac  
  94  8:23  Terran Infantry Weapons Level 1  
  94  8:24  Medivac, Terran Infantry Armor Level 1  
  93  8:27  Marine  
  93  8:28  Marine  
  93  8:29  Marine  
  93  8:30  Marine x2  
  95  8:36  Supply Depot  
  89  8:42  Barracks  
  89  8:44  Barracks  
  89  8:45  Orbital Command, Marine x2  
  89  8:47  Siege Tank  
  91  8:54  Marine x3  
  94  8:55  Siege Tank  
  97  9:03  Marine x2  
  97  9:06  Armory  
  99  9:10  Medivac x2  
  99  9:12  SCV, Marine x3  
  99  9:13  SCV x2  
  109  9:19  Siege Tank  
  109  9:21  Marine x2  
  114  9:24  SCV  
  114  9:25  SCV, Refinery  
  114  9:28  Refinery  
  114  9:30  Marine x3  
  119  9:32  Barracks Reactor  
  119  9:34  Barracks Reactor  
  119  9:39  Marine x2  
  121  9:48  Marine  
  121  9:49  Marine x2  
  121  9:51  Siege Tank x2, Medivac  
  121  9:52  SCV x3  
  135  9:57  Marine x2  
  137  10:06  Marine  
  138  10:08  Sensor Tower, Marine  
  138  10:09  Marine x2  
  138  10:10  Marauder  
  138  10:12  Marine x2  
  138  10:13  Liberator  
  140  10:15  SCV x3  
  143  10:25  Marine x3  
  143  10:26  Marine x2  
  143  10:27  Marine  
  121  10:37  Command Center, Marine x3  
  121  10:39  Siege Tank  
  118  10:43  Marine x2  
  94  10:57  Marine x3  
  89  11:11  Marine x6  
  83  11:15  Marine x3  
  82  11:23  Siege Tank  
  54  11:29  Marine x6  
  54  11:32  Marine  
  60  11:33  Marine x2  
  60  11:35  Siege Tank  
  66  11:43  SCV x2  
  68  11:51  Marine x4  
  72  11:55  Siege Tank  
  72  11:57  Orbital Command  
  75  12:07  Missile Turret  
  75  12:11  Marine x6  
  81  12:17  SCV x2  
  83  12:29  SCV  
  70  12:50  Marine x4  
  73  12:51  Siege Tank  
  73  12:52  Siege Tank  
  76  13:04  Orbital Command  
  66  13:09  Marine x7  
  66  13:11  SCV  
  66  13:12  Missile Turret  
  74  13:16  Marine  
  75  13:28  Siege Tank  
  75  13:33  SCV x3  
  81  13:45  SCV  
  81  13:46  Marine x5  
  87  14:03  Marine x3  
  87  14:04  Siege Tank, Marine  
  87  14:05  Siege Tank  
  87  14:06  SCV x2  
  98  14:13  Marine x2  
  98  14:26  Marine x4  
  98  14:27  Marine x2  
  98  14:28  Medivac x2  
  98  14:29  SCV x2  
  110  14:47  Command Center  
  110  14:51  Marine x6  
  115  15:01  Marine x2  
  115  15:02  Marine  
  118  15:13  Marine x6  
  124  15:19  Marine x3  
  124  15:20  SCV x3  
  130  15:22  Siege Tank  
  133  15:30  Marine  
  133  15:31  Marine  
  133  15:33  Widow Mine  
  133  15:34  Medivac x2  
  141  15:46  Marine x5  
  141  15:47  SCV, Marine x2  
  147  15:54  Widow Mine  
  147  15:55  Marine x2  
  132  16:04  Marine x2  
  134  16:14  Marine x7  
  141  16:21  Marine  
  141  16:22  Marine  
  133  16:35  Marine x7  
  133  16:39  Marine x2  
Tags
 
Composition
Lurkers
Matchup
TvZ
Spawn Locations
Cross Positions
Add a new tag
Caveats
  • Supply blocks, unpowered buildings, or Contaminate may cause inaccurate times.
  • Supply counts are checked every 10 seconds.